| TOP OF THE 1ST |
|
Augusta GreenJackets batting - Pitching for Kane County Cougars : RHP Jordan Rondon
|
|
Pitching: RHP Jordan Rondon
|
|
|
Batting: LHB Bruce Arvizu
|
0-0: Foul Ball, location: 2F 0-1: Foul Ball, location: 2F 0-2: Strikes out swinging
|
|
Batting: RHB Frank Pena
|
0-0: Ball 1-0: Foul Ball, location: 2F 1-1: Ground out U3 (Groundball, 3, EV 100.6 MPH)
|
|
Batting: LHB Oscar Tamayo
|
0-0: Foul Ball, location: 2F 0-1: Foul Ball, location: 2F 0-2: Strikes out swinging
|
| Top of the 1st over - 0 runs, 0 hits, 0 errors, 0 left on base; Augusta 0 - Kane County 0 |
| BOTTOM OF THE 1ST |
|
Kane County Cougars batting - Pitching for Augusta GreenJackets : RHP Bill Tindall
|
|
Pitching: RHP Bill Tindall
|
|
|
Batting: LHB J.P. Olson
|
0-0: Ball 1-0: Ball 2-0: Called Strike 2-1: Ball 3-1: Called Strike 3-2: Base on Balls
|
|
Batting: RHB Daniel Rivera
|
0-0: Swinging Strike 0-1: Ball 1-1: Called Strike 1-2: Ball 2-2: Foul Ball, location: 2F 2-2: Ball 3-2: SINGLE (Groundball, 6MD, EV 96.2 MPH) J.P. Olson to second
|
|
Batting: RHB Longfellow Wetzler
|
0-0: Foul Ball, location: 2F 0-1: Ball 1-1: Ball 2-1: Foul Ball, location: 2F 2-2: Strikes out swinging
|
|
Batting: RHB Bobby Coulombe
|
0-0: Ball J.P. Olson steals 3rd base (no throw) Daniel Rivera to second 1-0: Ball 2-0: Ball 3-0: Called Strike 3-1: Swinging Strike 3-2: Strikes out looking
|
|
Batting: RHB Dustin Legault
|
0-0: Fly out, F6 (Popup, 6M, EV 73.1 MPH)
|
| Bottom of the 1st over - 0 runs, 1 hit, 0 errors, 2 left on base; Augusta 0 - Kane County 0 |
| TOP OF THE 2ND |
|
Augusta GreenJackets batting - Pitching for Kane County Cougars : RHP Jordan Rondon
|
|
Batting: SHB Ben Myers
|
0-0: Foul Ball, location: 2F 0-1: Foul Ball, location: 2F 0-2: Ball 1-2: Foul Ball, location: 2F 1-2: Foul Ball, location: 2F 1-2: Ball 2-2: Foul Ball, location: 2F 2-2: SINGLE (Groundball, 4D, EV 108.8 MPH)
|
|
Batting: RHB Nate Burkhalter
|
0-0: Fielders Choice at 2nd, 4-6 (Groundball, 4, EV 86.2 MPH)
|
|
Batting: SHB Louie Horne
|
0-0: SINGLE (Groundball, 4MD, EV 96.9 MPH) Nate Burkhalter to second
|
|
Batting: LHB Gil Caraveo
|
0-0: Ball 1-0: Foul Ball, location: 2F 1-1: Swinging Strike 1-2: Ball 2-2: Fielders Choice at 2nd, 6-4 (Groundball, 6S, EV 87.5 MPH) Nate Burkhalter to third
|
|
Batting: RHB Bob Schweiger
|
0-0: Ball 1-0: Swinging Strike 1-1: Fly out, F8 (Flyball, 8RD, EV 84.4 MPH)
|
| Top of the 2nd over - 0 runs, 2 hits, 0 errors, 2 left on base; Augusta 0 - Kane County 0 |
| BOTTOM OF THE 2ND |
|
Kane County Cougars batting - Pitching for Augusta GreenJackets : RHP Bill Tindall
|
|
Batting: RHB Cesar Rendon
|
0-0: Ball 1-0: Ball 2-0: Ball 3-0: Called Strike 3-1: Foul Ball, location: 2F 3-2: Strikes out swinging
|
|
Batting: RHB Sergio Manzanero
|
0-0: Called Strike 0-1: Swinging Strike 0-2: Ball 1-2: Ball 2-2: Foul Ball, location: 2F 2-2: Ball 3-2: DOUBLE (Line Drive, 8LXD, EV 105.0 MPH)
|
|
Batting: SHB Blaine Peters
|
0-0: Ball 1-0: Ground out 6-3 (Groundball, 6, EV 87.5 MPH)
|
|
Batting: RHB Jeremy Adams
|
0-0: Called Strike 0-1: Swinging Strike 0-2: Strikes out looking
|
| Bottom of the 2nd over - 0 runs, 1 hit, 0 errors, 1 left on base; Augusta 0 - Kane County 0 |
| TOP OF THE 3RD |
|
Augusta GreenJackets batting - Pitching for Kane County Cougars : RHP Jordan Rondon
|
|
Batting: RHB Gary Sampson
|
0-0: Ball 1-0: Ground out 5-3 (Groundball, 25, EV 88.8 MPH)
|
|
Batting: LHB Bruce Arvizu
|
0-0: Called Strike 0-1: Ball 1-1: Ball 2-1: Foul Ball, location: 2F 2-2: Ball 3-2: Fly out, F8 (Flyball, 8LM, EV 91.9 MPH)
|
|
Batting: RHB Frank Pena
|
0-0: Ball 1-0: Swinging Strike 1-1: Ball 2-1: Foul Ball, location: 2F 2-2: Strikes out swinging
|
| Top of the 3rd over - 0 runs, 0 hits, 0 errors, 0 left on base; Augusta 0 - Kane County 0 |
| BOTTOM OF THE 3RD |
|
Kane County Cougars batting - Pitching for Augusta GreenJackets : RHP Bill Tindall
|
|
Batting: LHB J.P. Olson
|
0-0: Ball 1-0: Ball 2-0: Called Strike 2-1: Ball 3-1: Base on Balls
|
|
Batting: RHB Daniel Rivera
|
0-0: Ball 1-0: Ball 2-0: Called Strike 2-1: Ball 3-1: Fly out, F7 (Flyball, 78M, EV 84.4 MPH)
|
|
Batting: RHB Longfellow Wetzler
|
0-0: Ball Pickoff Throw to First - Out! 1-3 1-0: Foul Ball, location: 2F 1-1: Ball 2-1: Foul Ball, location: 2F 2-2: Ground out 4-3 (Groundball, 4M, EV 96.9 MPH)
|
| Bottom of the 3rd over - 0 runs, 0 hits, 0 errors, 0 left on base; Augusta 0 - Kane County 0 |
| TOP OF THE 4TH |
|
Augusta GreenJackets batting - Pitching for Kane County Cougars : RHP Jordan Rondon
|
|
Batting: LHB Oscar Tamayo
|
0-0: Swinging Strike 0-1: SINGLE (Groundball, 4MD, EV 103.8 MPH)
|
|
Batting: SHB Ben Myers
|
0-0: Swinging Strike 0-1: Called Strike 0-2: Foul Ball, location: 2F 0-2: Ball 1-2: Strikes out looking
|
|
Batting: RHB Nate Burkhalter
|
0-0: Ball 1-0: Ball 2-0: Called Strike 2-1: SINGLE (Groundball, 4D, EV 93.8 MPH) Oscar Tamayo to second Runner from 2nd tries for 3rd, OUT! 8-5 Nate Burkhalter to second
|
|
Batting: SHB Louie Horne
|
0-0: Hit by Pitch
|
|
Batting: LHB Gil Caraveo
|
0-0: Ground out 3-1 (Groundball, 34, EV 88.1 MPH)
|
| Top of the 4th over - 0 runs, 2 hits, 0 errors, 2 left on base; Augusta 0 - Kane County 0 |
| BOTTOM OF THE 4TH |
|
Kane County Cougars batting - Pitching for Augusta GreenJackets : RHP Bill Tindall
|
|
Batting: RHB Bobby Coulombe
|
0-0: Called Strike 0-1: SINGLE (Groundball, 56D, EV 103.8 MPH)
|
|
Batting: RHB Dustin Legault
|
0-0: DOUBLE (Groundball, 5L, EV 106.2 MPH) Bobby Coulombe to third
|
|
Batting: RHB Cesar Rendon
|
0-0: Called Strike 0-1: Called Strike 0-2: Strikes out looking
|
|
Batting: RHB Sergio Manzanero
|
0-0: Called Strike 0-1: Ball 1-1: Ball 2-1: Ball 3-1: Called Strike 3-2: Ground out 6-3 (Groundball, 6, EV 81.9 MPH) Bobby Coulombe scores
|
|
Batting: SHB Blaine Peters
|
0-0: Foul Ball, location: 2F 0-1: DOUBLE (Line Drive, 78M, EV 94.4 MPH) Dustin Legault scores
|
|
Batting: RHB Jeremy Adams
|
0-0: Ball 1-0: Called Strike 1-1: Foul Ball, location: 2F 1-2: Fly out, F9 (Flyball, 9, EV 93.1 MPH)
|
| Bottom of the 4th over - 2 runs, 3 hits, 0 errors, 1 left on base; Augusta 0 - Kane County 2 |
| TOP OF THE 5TH |
|
Augusta GreenJackets batting - Pitching for Kane County Cougars : RHP Jordan Rondon
|
|
Batting: RHB Bob Schweiger
|
0-0: Ball 1-0: Ball 2-0: Called Strike 2-1: Fly out, F8 (Flyball, 8RM, EV 82.5 MPH)
|
|
Batting: RHB Gary Sampson
|
0-0: Called Strike 0-1: Called Strike 0-2: Ball 1-2: Foul Ball, location: 2F 1-2: Foul Ball, location: 2F 1-2: Ground out U3 (Groundball, 3, EV 103.8 MPH)
|
|
Batting: LHB Bruce Arvizu
|
0-0: Ball 1-0: Ball 2-0: Foul Ball, location: 2F 2-1: Swinging Strike 2-2: Ground out U3 (Groundball, 34S, EV 90.0 MPH)
|
| Top of the 5th over - 0 runs, 0 hits, 0 errors, 0 left on base; Augusta 0 - Kane County 2 |
| BOTTOM OF THE 5TH |
|
Kane County Cougars batting - Pitching for Augusta GreenJackets : RHP Bill Tindall
|
|
Batting: LHB J.P. Olson
|
0-0: Ball 1-0: Ball 2-0: Called Strike 2-1: Ball 3-1: Called Strike 3-2: Foul Ball, location: 2F 3-2: Foul Ball, location: 2F 3-2: DOUBLE (Line Drive, 9LD, EV 98.1 MPH)
|
|
Batting: RHB Daniel Rivera
|
0-0: Foul Ball, location: 2F 0-1: Called Strike 0-2: Foul Ball, location: 2F 0-2: Ball 1-2: Ball 2-2: Ball 3-2: Foul Ball, location: 2F 3-2: Base on Balls
|
|
Batting: RHB Longfellow Wetzler
|
0-0: Foul Ball, location: 2F 0-1: Fielders Choice at 2nd, 1-6 (Groundball, 13S, EV 74.4 MPH) J.P. Olson to third
|
|
Batting: RHB Bobby Coulombe
|
0-0: Ball 1-0: Foul Ball, location: 2F 1-1: Ball 2-1: Foul Ball, location: 2F 2-2: SINGLE (Groundball, 6S, EV 69.4 MPH) (infield hit) J.P. Olson scores Longfellow Wetzler to second
|
|
Batting: RHB Dustin Legault
|
0-0: Called Strike Longfellow Wetzler steals 3rd base 0-1: Ball 1-1: Called Strike 1-2: Ball 2-2: Strikes out swinging
|
|
Batting: RHB Cesar Rendon
|
0-0: Called Strike 0-1: Swinging Strike 0-2: Strikes out swinging
|
| Bottom of the 5th over - 1 run, 2 hits, 0 errors, 2 left on base; Augusta 0 - Kane County 3 |
| TOP OF THE 6TH |
|
Augusta GreenJackets batting - Pitching for Kane County Cougars : RHP Jordan Rondon
|
|
Batting: RHB Frank Pena
|
0-0: SINGLE (Groundball, 6MD, EV 104.4 MPH)
|
|
Batting: LHB Oscar Tamayo
|
0-0: Called Strike 0-1: Foul Ball, location: 2F 0-2: Foul Ball, location: 2F 0-2: Ball 1-2: Foul Ball, location: 2F 1-2: Foul Ball, location: 2F 1-2: Ball Frank Pena steals 2nd, throwing error, E2 Frank Pena to third 2-2: SINGLE (Groundball, 6D, EV 109.4 MPH) Frank Pena scores
|
|
Batting: SHB Ben Myers
|
0-0: Ball 1-0: Called Strike 1-1: Called Strike 1-2: Ball 2-2: Foul Ball, location: 2F 2-2: Foul Ball, location: 2F 2-2: Strikes out swinging
|
|
Batting: RHB Nate Burkhalter
|
0-0: Grounds into double play, 4-6-3 (Groundball, 4, EV 90.0 MPH)
|
| Top of the 6th over - 1 run, 2 hits, 1 error, 0 left on base; Augusta 1 - Kane County 3 |
| BOTTOM OF THE 6TH |
|
Kane County Cougars batting - Pitching for Augusta GreenJackets : RHP Bill Tindall
|
|
Pitching: RHP Adam Browne
|
|
|
Batting: RHB Sergio Manzanero
|
0-0: Ball 1-0: Foul Ball, location: 2F 1-1: Ball 2-1: Foul Ball, location: 2F 2-2: Foul Ball, location: 2F 2-2: SINGLE (Line Drive, 4D, EV 107.5 MPH)
|
|
Batting: SHB Blaine Peters
|
0-0: Ball 1-0: Foul Ball, location: 2F 1-1: Foul Ball, location: 2F 1-2: Ball 2-2: Foul Ball, location: 2F 2-2: Grounds into double play, 5-4-3 (Groundball, 56S, EV 85.6 MPH)
|
|
Batting: RHB Jeremy Adams
|
0-0: Ball 1-0: Called Strike 1-1: Ball 2-1: Fly out, F9 (Flyball, 9, EV 91.2 MPH)
|
| Bottom of the 6th over - 0 runs, 1 hit, 0 errors, 0 left on base; Augusta 1 - Kane County 3 |
| TOP OF THE 7TH |
|
Augusta GreenJackets batting - Pitching for Kane County Cougars : RHP Jordan Rondon
|
|
Batting: SHB Louie Horne
|
0-0: Ball 1-0: SINGLE (Line Drive, 89S, EV 108.1 MPH)
|
|
Batting: LHB Gil Caraveo
|
0-0: Sac Bunt to P - play at first, batter OUT! 1-3 Louie Horne to second
|
|
Batting: RHB Bob Schweiger
|
0-0: Ball 1-0: Called Strike 1-1: Ball 2-1: Ball 3-1: Called Strike 3-2: Fly out, F9 (Flyball, 89M, EV 91.2 MPH)
|
|
Pinch Hitting: LHB Chris Morgan
|
0-0: Ball 1-0: Ball 2-0: Foul Ball, location: 2F 2-1: Swinging Strike 2-2: Foul Ball, location: 2F 2-2: Strikes out swinging
|
| Top of the 7th over - 0 runs, 1 hit, 0 errors, 1 left on base; Augusta 1 - Kane County 3 |
| BOTTOM OF THE 7TH |
|
Kane County Cougars batting - Pitching for Augusta GreenJackets : RHP Adam Browne
|
|
Now at 2B: Allen Gravel
|
|
|
Batting: LHB J.P. Olson
|
0-0: Ball 1-0: Called Strike 1-1: Ball 2-1: Foul Ball, location: 2F 2-2: Foul Ball, location: 2F 2-2: Ball 3-2: Strikes out swinging
|
|
Batting: RHB Daniel Rivera
|
0-0: Ball 1-0: Ground out 1-3 (Groundball, 13, EV 67.5 MPH)
|
|
Batting: RHB Longfellow Wetzler
|
0-0: Ball 1-0: Ball 2-0: DOUBLE (Line Drive, 9LS, EV 103.1 MPH)
|
|
Batting: RHB Bobby Coulombe
|
0-0: Fly out, F3 (Flyball, 34D, EV 83.1 MPH)
|
| Bottom of the 7th over - 0 runs, 1 hit, 0 errors, 1 left on base; Augusta 1 - Kane County 3 |
| TOP OF THE 8TH |
|
Augusta GreenJackets batting - Pitching for Kane County Cougars : RHP Jordan Rondon
|
|
Now in RF: Jeff Trapp
|
|
|
Batting: LHB Bruce Arvizu
|
0-0: Called Strike 0-1: Foul Ball, location: 2F 0-2: Ball 1-2: Ball 2-2: Ball 3-2: Ground out 4-3 (Groundball, 4, EV 80.0 MPH)
|
|
Batting: RHB Frank Pena
|
0-0: Ground out 6-3 (Groundball, 6, EV 88.8 MPH)
|
|
Batting: LHB Oscar Tamayo
|
0-0: Ball 1-0: Ball 2-0: Called Strike 2-1: Ball 3-1: Foul Ball, location: 2F 3-2: Ground out 4-3 (Groundball, 4, EV 82.5 MPH)
|
| Top of the 8th over - 0 runs, 0 hits, 0 errors, 0 left on base; Augusta 1 - Kane County 3 |
| BOTTOM OF THE 8TH |
|
Kane County Cougars batting - Pitching for Augusta GreenJackets : RHP Adam Browne
|
|
Pitching: LHP Kevin Drew
|
|
|
Batting: RHB Dustin Legault
|
0-0: Swinging Strike 0-1: Swinging Strike 0-2: Fly out, F8 (Line Drive, 8RD, EV 95.6 MPH)
|
|
Batting: RHB Cesar Rendon
|
0-0: Ball 1-0: Ball 2-0: DOUBLE (Line Drive, 7LS, EV 115.0 MPH)
|
|
Batting: RHB Sergio Manzanero
|
0-0: Intentional Walk
|
|
Batting: SHB Blaine Peters
|
0-0: SINGLE (Line Drive, 8LM, EV 103.1 MPH) Cesar Rendon to third Sergio Manzanero to second
|
|
Batting: RHB Jeremy Adams
|
0-0: Called Strike 0-1: Ball 1-1: Swinging Strike 1-2: Ball 2-2: Strikes out swinging
|
|
Batting: LHB Jeff Trapp
|
0-0: Foul Ball, location: 2F 0-1: Foul Ball, location: 2F 0-2: Ball 1-2: Hit by Pitch Cesar Rendon scores Sergio Manzanero to third Blaine Peters to second
|
|
Batting: RHB Daniel Rivera
|
0-0: Ball 1-0: Called Strike 1-1: Fly out, F9 (Flyball, 9D, EV 85.6 MPH)
|
| Bottom of the 8th over - 1 run, 2 hits, 0 errors, 3 left on base; Augusta 1 - Kane County 4 |
| TOP OF THE 9TH |
|
Augusta GreenJackets batting - Pitching for Kane County Cougars : RHP Jordan Rondon
|
|
Pitching: RHP Moises Baez
|
|
|
Batting: SHB Ben Myers
|
0-0: Ball 1-0: Fly out, F7 (Flyball, 78D, EV 101.2 MPH)
|
|
Batting: RHB Nate Burkhalter
|
0-0: Ground out 5-3 (Groundball, 5L, EV 78.1 MPH)
|
|
Batting: SHB Louie Horne
|
0-0: Hit by Pitch
|
|
Batting: LHB Gil Caraveo
|
0-0: Fly out, F9 (Line Drive, 9S, EV 88.1 MPH)
|
| Top of the 9th over - 0 runs, 0 hits, 0 errors, 1 left on base; Augusta 1 - Kane County 4 |
|